 Dungeon Crawl Stone Soup version 0.17-a0-587-g4707e02 (console) character file.

239 cheese the Bolt Thrower (level 5, -1/46 HPs)
             Began as a Minotaur Hunter on Apr 15, 2015.
             Slain by an ogre
             ... wielding a +0 giant spiked club
              (23 damage)
             ... on level 4 of the Dungeon.
             The game lasted 00:11:04 (3203 turns).

cheese the Bolt Thrower (Minotaur Hunter)           Turns: 3203, Time: 00:11:05

Health: -1/46      AC: 10    Str: 18    XL:     5   Next: 79%
Magic:  4/4        EV:  8    Int:  8    God:
Gold:   132        SH:  0    Dex: 10    Spells: 0 memorised, 4 levels left

rFire  . . .     SeeInvis .     b - +1 hand crossbow
rCold  . . .     Clarity  .     w - +0 chain mail
rNeg   + . .     SustAb   .     (no shield)
rPois  .         Gourm    .     (helmet restricted)
rElec  .         Spirit   .     y - +0 cloak
rCorr  .         Warding  +     (no gloves)
rMut   .         Stasis   .     (no boots)
MR     .....                    v - amulet of warding
Stlth  ..........               (no ring)
                                (no ring)

@: not resistant to hostile enchantments, extremely unstealthy
A: retaliatory headbutt, horns 2
a: no special abilities


You were on level 4 of the Dungeon.
You were not hungry.

You visited 1 branch of the dungeon, and saw 4 of its levels.

You collected 132 gold pieces.

Inventory:

Hand weapons
 a - a +0 hand axe
 b - a +1 hand crossbow (weapon)
Missiles
 c - 9 bolts (quivered)
 p - 12 tomahawks
Armour
 w - a +0 chain mail (worn)
 y - a +0 cloak (worn)
Jewellery
 v - an amulet of warding (around neck)
Magical devices
 r - a wand of polymorph (0)
 x - a wand of enslavement (0)
Scrolls
 d - a scroll of magic mapping {unknown}
 e - 3 scrolls of remove curse
 h - 2 scrolls of noise {unknown}
 i - a scroll of enchant weapon {unknown}
 j - 4 scrolls of teleportation
 n - 2 scrolls of fog
 q - a scroll of blinking
 s - a scroll of fear
Potions
 k - a potion of poison {unknown}
 l - a potion of agility {unknown}
 m - 2 potions of brilliance
 t - a potion of curing
 u - a potion of restore abilities
Books
 o - a book of Summonings

   Spells                             Type                      Level
   a - Abjuration                     Summoning                    3
   b - Recall                         Summoning/Translocation      3
   c - Shadow Creatures               Summoning                    5
   d - Summon Demon                   Summoning                    5
   e - Summon Forest                  Summoning/Translocation      5
   f - Monstrous Menagerie            Summoning                    6
Comestibles
 f - 3 bread rations
 g - 2 meat rations


   Skills:
 * Level 3.7 Fighting
 + Level 6.5 Crossbows
 + Level 0.2 Throwing
 * Level 2.7 Armour
 + Level 2.6 Dodging
 - Level 0.7 Stealth


You had 4 spell levels left.
You didn't know any spells.

Dungeon Overview and Level Annotations

Branches:
Dungeon (4/15)
 Temple: D:4-7

Altars:


Innate Abilities, Weirdness & Mutations

You reflexively headbutt those who attack you in melee.
You have a pair of horns on your head.


Message History

Press: ? - help, Shift-Dir - straight line, f/p - ogre
Aim: an ogre, wielding a giant spiked club (severely wounded)
You shoot a bolt. The bolt hits the ogre!
The ogre is almost dead.
The ogre barely misses you.
Firing (i - inventory. (,) - cycle):
c - 11 bolts (quivered)
Press: ? - help, Shift-Dir - straight line, f/p - ogre
Aim: an ogre, wielding a giant spiked club (almost dead)
You shoot a bolt. The bolt barely misses the ogre.
The bolt barely misses the worker ant.
The ogre hits you with a giant spiked club!
Firing (i - inventory. (,) - cycle):
c - 10 bolts (quivered)
Press: ? - help, Shift-Dir - straight line, f/p - ogre
Aim: an ogre, wielding a giant spiked club (almost dead)
You shoot a bolt. The bolt barely misses the ogre.
The bolt hits the worker ant!
You kill the worker ant!
The ogre hits you with a giant spiked club!!
Ouch! That really hurt!
You die...

. .# # # ### .# ...#.
#.. .# ###.#. #.###.#
......##.#...###..
.$.................
##......#...#.#..
#.###@.#..##.#
#.....O..#...#.#
.....(#####..#<#########
#.#.(. #................
..((. #.####..#########
.#.# #.......# ..
######.## #.# #.#


You could see an ogre.

Vanquished Creatures
  Crazy Yiuf (D:3)
  Natasha (thrice) (D:3)
  An orc wizard (D:3)
  A worker ant (D:4)
  3 adders
  3 oozes
  3 worms
  2 giant geckos
  5 orcs (D:3)
  10 bats
  4 giant cockroaches
  8 hobgoblins
  10 jackals
  A quokka (D:2)
  2 giant newts
  6 goblins
  9 kobolds
  10 rats
  3 fungi (D:3)
85 creatures vanquished.

Notes
Turn   | Place    | Note
--------------------------------------------------------------
     0 | D:1      | cheese, the Minotaur Hunter, began the quest for the Orb.
     0 | D:1      | Reached XP level 1. HP: 18/18 MP: 0/0
   173 | D:1      | Reached XP level 2. HP: 25/25 MP: 1/1
   396 | D:1      | Reached skill level 5 in Crossbows
   495 | D:1      | Reached XP level 3. HP: 30/30 MP: 2/2
   974 | D:2      | Reached skill level 1 in Armour
  1160 | D:2      | Reached XP level 4. HP: 38/38 MP: 3/3
  1568 | D:3      | Noticed Natasha
  1569 | D:3      | Killed Natasha
  1606 | D:3      | Reached XP level 5. HP: 11/46 MP: 4/4
  1626 | D:3      | Noticed Natasha
  1674 | D:3      | HP: 2/46 [Natasha (6)]
  2131 | D:3      | Killed Natasha
  2131 | D:3      | Reached skill level 6 in Crossbows
  2787 | D:3      | Noticed Natasha
  2791 | D:3      | Killed Natasha
  2946 | D:3      | Noticed Crazy Yiuf
  2954 | D:3      | Killed Crazy Yiuf
  3196 | D:4      | Noticed an ogre
  3203 | D:4      | Slain by an ogre

Action                   |  1- 3 |  4- 6 || total
-------------------------+-------+-------++-------
Melee: Hand crossbow     |       |     2 ||     2
       Hand axe          |       |    19 ||    19
 Fire: Hand crossbow     |    86 |   112 ||   198
Throw: Tomahawk          |     3 |       ||     3
Evoke: Wand              |       |     4 ||     4
  Use: Scroll            |     2 |     7 ||     9
       Potion            |       |     3 ||     3
  Eat: Chunk             |     1 |     3 ||     4
       Pizza             |       |     2 ||     2
